 Dungeon Crawl Stone Soup version 0.31.0-11-ge490571c62 (webtiles) character file.

Game seed: 17472534141710551017

381 qw the Ducker (level 6, 0/30 HPs)
             Began as a Spriggan Hunter on Feb 4, 2024.
             Incinerated by a bombardier beetle (4 damage)
             ... with a burning spray
             ... on level 5 of the Dungeon.
             The game lasted 00:02:02 (2928 turns).

qw the Ducker (Spriggan Hunter)                     Turns: 2928, Time: 00:02:02

Health: 0/30       AC:  4    Str:  4 (7)  XL:     6   Next: 46%
Magic:  7/7        EV: 23    Int:  9 (11) God:
Gold:   127        SH:  0    Dex: 23 (26) Spells: 5/5 levels left

rFire   . . .        a - +0 shortbow
rCold   + . .        (shield currently unavailable)
rNeg    . . .        c - +0 robe
rPois   .            h - +1 hat
rElec   .            k - +0 cloak
rCorr   .            (gloves unavailable)
SInv    +            (boots unavailable)
Will    +....        (no amulet)
Stlth   +            d - +6 ring of dexterity
HPRegen 0.25/turn    j - ring of protection from cold
MPRegen 0.10/turn

%: no passive effects
@: on fire, about to teleport, glowing, very quick
A: very small, no large weapons, unfitting armour, see invisible, speed 3
a: no special abilities


You were on level 5 of the Dungeon.
You visited 1 branch of the dungeon, and saw 5 of its levels.

You collected 127 gold pieces.


Innate Abilities, Weirdness & Mutations

You are very small and have problems with some larger weapons.
You are too small for most types of armour.
You have supernaturally acute eyesight. (SInv)
You cover ground extremely quickly. (Speed+++)


   Skills:
 - Level 2.0 Fighting
 - Level 6.0 Ranged Weapons
 + Level 6.7 Dodging
 - Level 1.5 Stealth


You had 5 spell levels left.
You didn't know any spells.
Your spell library was empty.

Inventory:

Hand Weapons
 a - a +0 shortbow (weapon)
Armour
 c - a +0 robe (worn)
 h - a +1 hat (worn)
 k - a +0 cloak (worn)
Jewellery
 d - a +6 ring of dexterity (left hand)
 j - a ring of protection from cold (right hand)
Wands
 l - a wand of paralysis (13)
Potions
 e - a potion of haste
 f - a potion of mutation
 i - a potion of cancellation
 n - a potion of resistance
 o - a potion of heal wounds {unknown}

Dungeon Overview and Level Annotations

Branches:
Dungeon (5/15)
 Temple: D:4-7

Altars:
Uskayaw

Shops:
D:1 :   D:3 [

Annotations:
D:3 1 runed translucent door, Crazy Yiuf


Message History

You shoot an arrow.
The arrow barely misses the bombardier beetle.
You shoot an arrow.
The arrow completely misses the bombardier beetle.
You shoot an arrow.
The arrow closely misses the bombardier beetle.
The bombardier beetle sprays incendiary fluid at you.
The burning spray hits you.
You are covered in liquid fire!
You shoot an arrow.
The arrow hits the bombardier beetle but does no damage.
The bombardier beetle is heavily wounded.
The liquid fire burns you!
You shoot an arrow. The arrow hits the bombardier beetle.
The bombardier beetle is severely wounded.
The liquid fire burns you!
The bombardier beetle bites you but does no damage.
You shoot an arrow.
The arrow barely misses the bombardier beetle.
The liquid fire burns you! The bombardier beetle misses you.
You shoot an arrow.
The arrow hits the bombardier beetle but does no damage.
The bombardier beetle is severely wounded.
The liquid fire burns you!
You shoot an arrow.
The arrow barely misses the bombardier beetle.
The liquid fire burns you!
The bombardier beetle sprays incendiary fluid at you.
The burning spray hits you.
You are even more covered in liquid fire!
You shoot an arrow. The arrow hits the bombardier beetle.
The bombardier beetle is almost dead.
The liquid fire burns you! The bombardier beetle misses you.
2928 ||| READING scroll of teleportation.
As you read the scroll of teleportation, it crumbles to dust.
You feel strangely unstable. The liquid fire burns you!
You die...

#########
........##
.......@B#
#######........
##.......
######.


You could see a bombardier beetle.

Vanquished Creatures
  A phantom (D:3)
  A hound (D:4)
  An orc priest (D:3)
  Jessica (D:2)
  An orc wizard (D:4)
  4 gnolls (D:4)
  5 adders
  A dart slug (D:3)
  3 ribbon worms
  13 orcs
  4 bats
  8 endoplasms
  5 giant cockroaches
  3 goblins
  6 hobgoblins
  8 jackals
  6 kobolds
  3 quokkas
  9 ball pythons
  A frilled lizard (D:2)
  6 rats
90 creatures vanquished.

Notes
Turn   | Place    | Note
-------+----------+-------------------------------------------
     0 | D:1      | qw the Spriggan Hunter began the quest for the Orb.
     0 | D:1      | Reached XP level 1. HP: 10/10 MP: 2/2
     0 | D:1      | 0 ||| qw: Version: 0.3-a-160-g6735b56
     0 | D:1      | 0 ||| qw: Game counter: 5974
     0 | D:1      | 0 ||| qw: Melee chars always use a shield: true
     0 | D:1      | 0 ||| qw: God list: Okawaru
     0 | D:1      | 0 ||| qw: Allow faded altars: false
     0 | D:1      | 0 ||| qw: Do Orc after clearing Dungeon:15 true
     0 | D:1      | 0 ||| qw: Do second Lair branch before Depths: true
     0 | D:1      | 0 ||| qw: Lair rune preference: random
     0 | D:1      | 0 ||| qw: Goals: Normal
     0 | D:1      | 0 ||| PLANNING D:1-11
    15 | D:1      | Reached skill level 3 in Dodging
   111 | D:1      | Reached XP level 2. HP: 14/14 MP: 3/3
   422 | D:1      | Found Juudusm's Book Boutique.
   624 | D:1      | 624 ||| UPGRADING to +1 hat.
   629 | D:1      | 629 ||| DROPPING ring of magical power.
   630 | D:1      | 630 ||| READING scroll labelled VOEFYU MYPRIC.
   631 | D:1      | 631 ||| READING 2 scrolls labelled WOZUABAWOB.
   631 | D:1      | 631 ||| IDENTIFYING smoky coppery potion
   632 | D:1      | 632 ||| READING scroll of identify.
   632 | D:1      | 632 ||| IDENTIFYING fuming emerald potion
   633 | D:1      | 633 ||| DROPPING scroll of butterflies.
   634 | D:1      | 634 ||| DROPPING potion of brilliance.
   673 | D:2      | Reached XP level 3. HP: 18/18 MP: 4/4
   784 | D:2      | Noticed Jessica
   788 | D:2      | Killed Jessica
   789 | D:2      | Reached XP level 4. HP: 22/22 MP: 5/5
   859 | D:2      | 859 ||| STAIRDANCE
   872 | D:2      | 872 ||| STAIRDANCE
   905 | D:2      | You fall into a shaft and drop 2 floors!
   906 | D:4      | Found a hide-covered altar of Uskayaw.
   936 | D:4      | HP: 3/23 [gnoll/+0 halberd (11)]
   941 | D:4      | HP: 3/23 [hobgoblin (1)]
   948 | D:4      | Reached XP level 5. HP: 5/26 MP: 6/6
  1051 | D:4      | 1051 ||| UPGRADING to +6 ring of dexterity.
  1052 | D:4      | 1052 ||| READING scroll of identify.
  1052 | D:4      | 1052 ||| IDENTIFYING yellow potion
  1053 | D:4      | 1053 ||| DROPPING potion of lignification.
  1116 | D:3      | Noticed a phantom
  1126 | D:3      | Killed a phantom
  1127 | D:3      | Reached skill level 6 in Dodging
  1244 | D:3      | HP: 3/25 [orc/+0 falchion (5)]
  1355 | D:3      | Reached XP level 6. HP: 29/29 MP: 7/7
  1370 | D:3      | 1370 ||| READING 2 scrolls labelled ILOXEAMNOR.
  1380 | D:3      | 1380 ||| Stepping randomly (stuck).
  1555 | D:3      | 1555 ||| UPGRADING to +0 cloak.
  1560 | D:3      | 1560 ||| UPGRADING to ring of protection from cold.
  1561 | D:3      | 1561 ||| READING scroll labelled YFUTUSHE WUHO.
  1562 | D:3      | 1562 ||| READING scroll labelled KOD RETETO.
  1663 | D:3      | 1663 ||| DRINKING 2 murky cyan potions.
  1800 | D:2      | Found a faded altar of an unknown god.
  1892 | D:2      | 1892 ||| READING scroll labelled GOWUJAPRIM.
  1924 | D:3      | Found a runed translucent door.
  1925 | D:3      | Noticed Crazy Yiuf
  2114 | D:3      | Found Eryoseb's Armour Shop.
  2250 | D:3      | 2250 ||| DROPPING amulet of magic regeneration.
  2463 | D:4      | Reached skill level 6 in Ranged Weapons
  2883 | D:4      | 2883 ||| READING 3 scrolls of identify.
  2883 | D:4      | 2883 ||| IDENTIFYING smoky amethyst potion
  2884 | D:4      | 2884 ||| READING 2 scrolls of identify.
  2884 | D:4      | 2884 ||| IDENTIFYING golden potion
  2885 | D:4      | 2885 ||| READING scroll of identify.
  2885 | D:4      | 2885 ||| IDENTIFYING sedimented golden potion
  2886 | D:4      | 2886 ||| DRINKING 2 dark potions.
  2887 | D:4      | 2887 ||| DROPPING potion of magic.
  2888 | D:4      | 2888 ||| DROPPING potion of degeneration.
  2915 | D:5      | Entered Level 5 of the Dungeon
  2916 | D:5      | 2916 ||| PLANNING SEWER
  2927 | D:5      | HP: 4/30 [burnt (7)]
  2928 | D:5      | 2928 ||| READING scroll of teleportation.
  2928 | D:5      | Incinerated by a bombardier beetle

Levels and vault maps discovered:
D:1:      minmay_arrival_four_circles, layout_basic, serial_shops,
          nicolae_shop_tiny_real_fake_doors
D:2:      layout_rooms, dilly_ecumenical_altar_fadedgnrine, uniq_jessica
D:3:      layout_loops_cross, serial_shops, shop, uniq_crazy_yiuf_cottage
D:4:      layout_loops_ring, minmay_ruined_shrine
D:5:      layout_loops_ring, mainiacjoe_overflow_two_lobes,
          minmay_temple_entry_stoned_glass, serial_shops, kennysheep_little_box,
          portal_sewer_entry_f

Skill      XL: |  1  2  3  4  5  6 |
---------------+-------------------+-----
Dodging        | 3 4 5 6 |  6.7
Ranged Weapons | 5 6 |  6.0
Fighting       | 2 |  2.0
Stealth        | |  1.5

Action                     |  1- 3 |  4- 6 || total
---------------------------+-------+-------++-------
   Fire: Shortbow          |    75 |   190 ||   265
    Use: Scroll            |     3 |     9 ||    12
         Potion            |       |     2 ||     2
 Armour: Robe              |    12 |    28 ||    40
  Dodge: Dodged            |    37 |   113 ||   150

Table legend:
 A = Non-vault XP
 B = Vault XP
 C = Vault XP percentage of total XP
 D = Non-vault monster count
 E = Vault monster count
 F = Vault count percentage of total count
                 A         B        C        D         E       F
            +---------+---------+-------+---------+---------+-------
      Total |     439 |     106 |  19.4 |      82 |       8 |   8.9
            +---------+---------+-------+---------+---------+-------
        D:1 |      57 |       0 |   0.0 |      26 |       0 |   0.0
        D:2 |      40 |      37 |  48.1 |      15 |       1 |   6.2
        D:3 |     221 |       0 |   0.0 |      24 |       0 |   0.0
        D:4 |     121 |      69 |  36.3 |      17 |       7 |  29.2
            +---------+---------+-------+---------+---------+-------
